 Dungeon Crawl Stone Soup version 0.29.0-4-gdea44cf6ec (webtiles) character file.

Game seed: 418517759868102368

59 qw the Chopper (level 4, -3/26 HPs)
             Began as a Tengu Warper on Aug 29, 2022.
             Slain by a gnoll
             ... wielding a +0 club
              (4 damage)
             ... on level 2 of the Dungeon.
             The game lasted 00:00:10 (1476 turns).

qw the Chopper (Tengu Warper)                       Turns: 1476, Time: 00:00:11

Health: -3/26      AC:  3    Str: 13    XL:     4   Next: 3%
Magic:  8/8        EV: 12    Int: 14    God:
Gold:   93         SH:  0    Dex: 13    Spells: 7/7 levels left

rFire   . . .      SeeInvis .   Y - +0 hand axe
rCold   . . .      Faith    .   (no shield)
rNeg    . . .      Spirit   .   b - +0 leather armour
rPois   .          Reflect  .   (helmet restricted)
rElec   .          Harm     .   (no cloak)
rCorr   .          Rampage  .   (no gloves)
Will    +....                   (boots unavailable)
Stlth   +.........              (no amulet)
HPRegen 0.08/turn               k - ring of willpower
MPRegen 0.11/turn               (no ring)

@: no status effects
A: beak, talons 3
a: no special abilities


You were on level 2 of the Dungeon.
You visited 1 branch of the dungeon, and saw 2 of its levels.

You collected 93 gold pieces.


Innate Abilities, Weirdness & Mutations

You have a beak for a mouth.
You have claws for feet.


   Skills:
 - Level 2.0 Fighting
 + Level 4.6 Axes
 - Level 1.0 Throwing
 - Level 1.1 Armour
 - Level 2.1 Dodging
 - Level 2.0 Spellcasting
 - Level 2.4 Translocations


You had 7 spell levels left.
You didn't know any spells.
Your spell library contained the following spells:

 Spells                   Type           Power      Damage    Failure   Level
 Blink                    Tloc           16%        N/A       17%         2
 Gell's Gravitas          Tloc           8%         N/A       34%         3
 Lesser Beckoning         Tloc           8%         N/A       34%         3
 Teleport Other           Tloc           8%         N/A       34%         3
 Manifold Assault         Tloc           8%         N/A       97%         5

Inventory:

Hand Weapons
 l - a +0 flail
 Y - a +0 hand axe (weapon)
Armour
 b - a +0 leather armour (worn)
Jewellery
 k - a ring of willpower (left hand)
Potions
 d - a potion of experience {unknown}
 e - 2 potions of haste {unknown}
 h - a potion of flight {unknown}

Dungeon Overview and Level Annotations

Branches:
Dungeon (2/15)

Altars:


Message History

The adder barely misses you. x2
You hit the adder.
You kill the adder!
The ball python bites you but does no damage.
The ball python misses you.
You have reached level 4!
You feel clever.
You slash the ball python!
You kill the ball python!
You start resting.
HP restored.
You see here a ball python corpse.
A gnoll comes into view. It is wielding a +0 club.
The gnoll shouts!
A gnoll comes into view. It is wielding a +0 club.
A gnoll comes into view. It is wielding a +0 whip.
1467 ||| Stepping ~*~*~tactically~*~*~ (stealth).
Found a stone staircase leading down.
The gnoll shouts!
You hear a shout!
You closely miss the gnoll. You claw the gnoll.
The gnoll is moderately wounded.
The gnoll hits you with a +0 club.
You closely miss the gnoll. Your kick misses the gnoll.
The gnoll is moderately wounded.
You hit the gnoll. The gnoll barely misses you.
The gnoll hits you with a +0 whip.
You closely miss the gnoll. Your kick misses the gnoll.
The gnoll is moderately wounded.
You closely miss the gnoll. The gnoll barely misses you.
The gnoll hits you with a +0 whip!
You hit the gnoll.
The gnoll is moderately wounded.
You hit the gnoll. x2
The gnoll closely misses you. The gnoll hits you with a +0 whip.
The gnoll barely misses you.
You hit the gnoll but do no damage. You claw the gnoll.
The gnoll is severely wounded.
You hit the gnoll. x2
The gnoll hits you with a +0 club. The gnoll hits you with a +0 whip.
The gnoll hits you with a +0 club.
You die...

# .#.
..###### .
#.....#
..##.....#
>........#
#..gg.#####
#..g@.%...##
#.....###..#
#..$..#
##.##
#.....# #..#
#.....#
##.###
#.....#
#...##+#
#######
#....#.###
##...#...#
#..##...#


You could see 3 gnolls.

Vanquished Creatures
  2 adders (D:2)
  6 ball pythons
  6 bats
  7 endoplasms (D:1)
  A giant cockroach (D:1)
  A hobgoblin (D:1)
  5 kobolds (D:1)
  2 quokkas (D:1)
  A frilled lizard (D:1)
  3 goblins (D:1)
  3 rats (D:1)
37 creatures vanquished.

Notes
Turn   | Place    | Note
-------+----------+-------------------------------------------
     0 | D:1      | qw the Tengu Warper began the quest for the Orb.
     0 | D:1      | Reached XP level 1. HP: 12/12 MP: 4/4
     0 | D:1      | 0 ||| qw: Version: 0.1-a-89-g26bdef1
     0 | D:1      | 0 ||| qw: Game counter: 3438
     0 | D:1      | 0 ||| qw: Always use a shield: true
     0 | D:1      | 0 ||| qw: God list: Okawaru
     0 | D:1      | 0 ||| qw: Allow faded altars: false
     0 | D:1      | 0 ||| qw: Do Orc after D:15 true
     0 | D:1      | 0 ||| qw: Do second Lair branch before Depths: true
     0 | D:1      | 0 ||| qw: Lair rune preference: random
     0 | D:1      | 0 ||| qw: Plans: Normal
     0 | D:1      | 0 ||| PLANNING D:1-11
    54 | D:1      | Reached skill level 3 in Axes
    54 | D:1      | Reached XP level 2. HP: 17/17 MP: 6/6
   477 | D:1      | 477 ||| Stepping ~*~*~tactically~*~*~ (stealth).
   611 | D:1      | Reached XP level 3. HP: 15/21 MP: 7/7
   618 | D:1      | 618 ||| Stepping ~*~*~tactically~*~*~ (stealth).
   639 | D:1      | 639 ||| Stepping ~*~*~tactically~*~*~ (stealth).
   643 | D:1      | 643 ||| Stepping ~*~*~tactically~*~*~ (stealth).
   682 | D:1      | 682 ||| Stepping ~*~*~tactically~*~*~ (stealth).
   690 | D:1      | 690 ||| Stepping ~*~*~tactically~*~*~ (stealth).
   691 | D:1      | 691 ||| Stepping ~*~*~tactically~*~*~ (stealth).
   813 | D:1      | Reached skill level 4 in Axes
   857 | D:1      | 857 ||| Stepping ~*~*~tactically~*~*~ (stealth).
   870 | D:1      | Found a faded altar of an unknown god.
   944 | D:1      | 944 ||| DROPPING +0 mace.
  1014 | D:1      | 1014 ||| UPGRADING to ring of willpower.
  1015 | D:1      | 1015 ||| READING scroll labelled HAFEIT TORCHERAS.
  1016 | D:1      | 1016 ||| READING scroll labelled VOWEKK GEASOB.
  1117 | D:1      | 1117 ||| READING scroll labelled JYMAEDW LIORU.
  1121 | D:1      | 1121 ||| DRINKING 2 ruby potions.
  1226 | D:1      | 1226 ||| DROPPING scroll of blinking.
  1227 | D:1      | 1227 ||| DROPPING potion of berserk rage.
  1459 | D:2      | Reached XP level 4. HP: 25/26 MP: 8/8
  1467 | D:2      | 1467 ||| Stepping ~*~*~tactically~*~*~ (stealth).
  1475 | D:2      | HP: 6/26 [gnoll/+0 whip (5)]
  1476 | D:2      | HP: 1/26 [gnoll/+0 whip (5)]
  1476 | D:2      | Slain by a gnoll

Levels and vault maps discovered:
D:1:      dpeg_arrival_pond, layout_rooms, basic_ecumenical_altar
D:2:      layout_basic, lightli_corner_chamber, uniq_terence

Skill      XL: |  1  2  3 |
---------------+----------+-----
Axes           | 3 4 |  4.6
Fighting       | |  2.0
Throwing       | |  1.0
Armour         | |  1.1
Dodging        | |  2.1
Spellcasting   | |  2.0
Translocations | |  2.4

Action                   |  1- 3 |  4- 6 || total
-------------------------+-------+-------++-------
Melee: Hand axe          |    68 |     6 ||    74
       Peck              |     5 |       ||     5
       Kick              |    16 |     2 ||    18
Throw: Boomerang         |     7 |       ||     7
  Use: Scroll            |     3 |       ||     3
       Potion            |     1 |       ||     1
Armor: Leather armour    |    12 |       ||    12
Dodge: Dodged            |    35 |     4 ||    39

Table legend:
 A = Non-vault XP
 B = Vault XP
 C = Vault XP percentage of total XP
 D = Non-vault monster count
 E = Vault monster count
 F = Vault count percentage of total count
                 A         B        C        D         E       F
            +---------+---------+-------+---------+---------+-------
      Total |      85 |       0 |   0.0 |      37 |       0 |   0.0
            +---------+---------+-------+---------+---------+-------
        D:1 |      55 |       0 |   0.0 |      33 |       0 |   0.0
        D:2 |      30 |       0 |   0.0 |       4 |       0 |   0.0
            +---------+---------+-------+---------+---------+-------
